 Dungeon Crawl Stone Soup version 0.24.0-2-g5b39cebb1c (webtiles) character file.

Game seed: 11375056586534595707, levelgen mode: deterministic

133 Lanoc the Slasher (level 5, 0/28 HPs)
             Began as a Vine Stalker Berserker on Oct 29, 2019.
             Was a Believer of Trog.
             Slain by an orc
             ... wielding a +0 short sword of venom
              (5 damage)
             ... on level 3 of the Dungeon.
             The game lasted 00:01:56 (834 turns).

Lanoc the Slasher (Vine Stalker Berserker)           Turns: 834, Time: 00:01:58

Health: 0/28       AC:  2    Str: 20    XL:     5   Next: 16%
Magic:  0/6        EV: 13    Int:  7    God:    Trog [**....]
Gold:   48         SH:  0    Dex: 14    Spells: 4/4 levels left

rFire    . . .     SeeInvis .   a - +0 falchion
rCold    . . .     Gourm    .   (no shield)
rNeg     . . .     Faith    .   b - +0 animal skin
rPois    .         Spirit   +   (no helmet)
rElec    .         Reflect  .   (no cloak)
rCorr    .         Harm     .   (no gloves)
MR       .....                  (no boots)
Stlth    +.........             (no amulet)
HPRegen  0.49/turn              (no ring)
MPRegen  0.10/turn              (no ring)

@: lethally poisoned (0 -> -1), berserk cooldown, slowed, very slow
A: fangs 2, regeneration 1, magic shield, antimagic bite, no potion heal 3, rot
immunity
a: Berserk, Trog's Hand, Renounce Religion


You were on level 3 of the Dungeon.
You worshipped Trog.
Trog was pleased with you.
You were not hungry.

You visited 1 branch of the dungeon, and saw 3 of its levels.

You collected 48 gold pieces.

Inventory:

Hand Weapons
 a - a +0 falchion (weapon)
Armour
 b - a +0 animal skin (worn)
Scrolls
 d - 5 scrolls of amnesia {unknown}
 e - a scroll of blinking {unknown}
 f - a scroll of enchant weapon {unknown}
Potions
 g - a potion of resistance {unknown}
 h - a potion of curing {unknown}
Comestibles
 c - 2 rations


   Skills:
 + Level 3.3 Fighting
 * Level 3.9 Long Blades
 + Level 2.3 Armour
 + Level 2.3 Dodging


You had 4 spell levels left.
You didn't know any spells.
Your spell library was empty.

Dungeon Overview and Level Annotations

Branches:
Dungeon (3/15)

Altars:


Innate Abilities, Weirdness & Mutations

You have extremely sharp teeth.
Your natural rate of healing is unusually fast.
When hurt, damage is shared between your health and your magic reserves.
Your bite disrupts and absorbs the magic of your enemies.
Potions cannot restore your health.
You are immune to rotting.


Message History

The orc hits you with a +0 club.
You closely miss the orc priest. You bite the orc priest. You drain its power.
You feel invigorated.
The orc priest is severely wounded.
The orc closely misses you.
You riposte.
You hit the orc.
You kill the orc!
Trog accepts your kill. The orc priest completely misses you.
You riposte.
You closely miss the orc priest.
The orc priest is severely wounded.
The orc hits you with a +0 short sword of venom.
* * * LOW HITPOINT WARNING * * *
You are poisoned.
You closely miss the orc priest.
You bite the orc priest, but do no damage.
The orc priest is severely wounded.
You feel sick. The orc priest closely misses you. The orc barely misses you.
The orc priest miscasts a cantrip.
The orc hits you with a +0 short sword of venom!
You die...

#### .# .%.
.# #.. ..#
#..## ##.###
...# .....
#.##.#.# ###
#..†...#
#...#o<..#
#.o@##......#
#...)##
#####.#
....#..
......#
#..... #)..##
.... ...


You could see an orc priest and an orc.

Vanquished Creatures
  An ice beast (D:2)
  An adder (D:2)
  2 leopard geckos (D:1)
  2 orcs (D:3)
  3 giant cockroaches
  3 goblins (D:1)
  3 hobgoblins (D:1)
  4 jackals (D:1)
  4 bats
  4 frilled lizards
  3 kobolds (D:1)
  A rat (D:1)
31 creatures vanquished.

Notes
Turn   | Place    | Note
-------+----------+-------------------------------------------
     0 | D:1      | Lanoc the Vine Stalker Berserker began the quest for the
                  | Orb.
     0 | D:1      | Reached XP level 1. HP: 11/11 MP: 2/2
   140 | D:1      | Reached XP level 2. HP: 3/16 MP: 1/3
   623 | D:1      | Reached XP level 3. HP: 9/19 MP: 2/4
   741 | D:2      | Noticed an ice beast
   747 | D:2      | Killed an ice beast
   747 | D:2      | Gained mutation: Your natural rate of healing is unusually
                  | fast. [Vine Stalker growth]
   747 | D:2      | Reached XP level 4. HP: 15/24 MP: 2/5
   747 | D:2      | Reached XP level 5. HP: 18/28 MP: 2/6
   756 | D:2      | Reached ** piety under Trog
   834 | D:3      | Slain by an orc

Levels and vault maps discovered:
D:1:      dpeg_arrival_castle, layout_basic
D:2:      layout_loops_ring, nicolae_gozag_cash_rules_everything_around_me
D:3:      layout_rooms, first_ration

Skill      XL: |  1  2  3 |
---------------+----------+-----
Long Blades    | 3 |  3.9
Fighting       | 3 |  3.3
Armour         | 2 |  2.3
Dodging        | 2 |  2.3

Action                   |  1- 3 |  4- 6 || total
-------------------------+-------+-------++-------
Melee: Falchion          |    52 |    14 ||    66
       Bite              |    10 |     5 ||    15
Invok: Berserk           |     4 |     1 ||     5
  Eat: Chunk             |     2 |     2 ||     4
Armor: Animal skin       |    15 |     5 ||    20
Dodge: Dodged            |    32 |    18 ||    50
       Rpst.: Falchion   |    12 |     6 ||    18
